 Dungeon Crawl Stone Soup version 0.24.0-37-gcf1ca852f1 (webtiles) character file.

Game seed: 18018730310564194996, levelgen mode: deterministic

30 grindst0ne the Skirmisher (level 3, -1/29 HPs)
             Began as a Human Berserker on Dec 6, 2019.
             Was a Follower of Trog.
             Slain by Sigmund
             ... wielding a +0 scythe
              (12 damage)
             ... on level 2 of the Dungeon.
             The game lasted 00:01:28 (1350 turns).

grindst0ne the Skirmisher (Human Berserker)         Turns: 1350, Time: 00:01:29

Health: -1/29      AC:  3    Str: 17    XL:     3   Next: 37%
Magic:  3/3        EV: 12    Int: 10    God:    Trog [*.....]
Gold:   67         SH:  0    Dex: 12    Spells: 2/2 levels left

rFire    . . .     SeeInvis .   h - +4 short sword (venom)
rCold    . . .     Gourm    .   (no shield)
rNeg     . . .     Faith    .   f - +0 leather armour
rPois    .         Spirit   .   (no helmet)
rElec    .         Reflect  .   (no cloak)
rCorr    .         Harm     .   (no gloves)
MR       .....                  (no boots)
Stlth    +.........             (no amulet)
HPRegen  0.09/turn              (no ring)
MPRegen  0.08/turn              (no ring)

@: no status effects
A: clever 1, evolution 1, MP-powered wands
a: Berserk, Renounce Religion


You were on level 2 of the Dungeon.
You worshipped Trog.
Trog was aware of your devotion.
You were not hungry.

You visited 1 branch of the dungeon, and saw 2 of its levels.

You collected 67 gold pieces.

Inventory:

Hand Weapons
 a - a +0 hand axe
 h - a +4 short sword of venom (weapon)
Armour
 b - a +0 animal skin
 f - a +0 leather armour (worn)
Scrolls
 d - 3 scrolls of identify {unknown}
 e - 3 scrolls of teleportation {unknown}
Comestibles
 c - a ration
 g - 2 chunks of flesh


   Skills:
 + Level 3.4 Fighting
 + Level 3.4 Axes
 + Level 2.6 Armour
 - Level 2.0 Dodging


You had 2 spell levels left.
You didn't know any spells.
Your spell library was empty.

Dungeon Overview and Level Annotations

Branches:
Dungeon (2/15)

Altars:

Annotations:
D:2 Sigmund


Innate Abilities, Weirdness & Mutations

Your mind is acute. (Int +2)
You evolve.
You expend magic power (3 MP) to strengthen your wands.


Message History

You resist with significant effort. Sigmund gestures at you while chanting.
You are confused.
Sigmund hits you from afar with a +0 scythe!
You're too confused to move!
Sigmund barely misses you.
You feel less confused.
Found a leather armour.
You puncture Sigmund!
Sigmund is poisoned.
Sigmund is moderately wounded.
Sigmund hits you with a +0 scythe!
You closely miss Sigmund.
Sigmund is moderately wounded.
Sigmund closely misses you.
You hit Sigmund but do no damage.
Sigmund looks as sick as possible!
Sigmund is moderately wounded.
Sigmund mumbles some strange words.
Sigmund flickers and vanishes!
Deactivating autopickup; reactivate with Ctrl-A.
You miss something. Something hits you!
You die...

. .. ###.# ..##
##... .... ... .[
..... ###.# ##...
.....#
#..{###.....
......##.#.@...#
..............#.%#
........>.....#..#
.....#..........#
... #........### .
#............
#..รท<....###P
#...........
#........##.


There were no monsters in sight!

Vanquished Creatures
  An adder (D:1)
  2 leopard geckos (D:1)
  A bat (D:1)
  A giant cockroach (D:1)
  A hobgoblin (D:1)
  6 kobolds (D:1)
  A quokka (D:1)
  2 goblins (D:1)
  5 rats
20 creatures vanquished.

Notes
Turn   | Place    | Note
-------+----------+-------------------------------------------
     0 | D:1      | grindst0ne the Human Berserker began the quest for the Orb.
     0 | D:1      | Reached XP level 1. HP: 18/18 MP: 1/1
   380 | D:1      | Reached XP level 2. HP: 17/24 MP: 2/2
  1307 | D:1      | Reached XP level 3. HP: 29/29 MP: 3/3
  1338 | D:2      | Noticed Sigmund
  1339 | D:2      | Gained mutation: You evolve. [potion of mutation]
  1339 | D:2      | Gained mutation: You expend magic power (3 MP) to
                  | strengthen your wands. [potion of mutation]
  1339 | D:2      | Gained mutation: Your mind is acute. (Int +2) [potion of
                  | mutation]
  1350 | D:2      | Slain by Sigmund

Levels and vault maps discovered:
D:1:      minmay_arrival_diagonal_passages, layout_basic
D:2:      layout_rooms, first_ration, kennysheep_path_1, serial_bayou_pond_c,
          minmay_indecisive_spiral, uniq_robin, uniq_sigmund

Action                   || total
-------------------------++-------
Melee: Hand axe          ||    39
       Short sword       ||    24
  Use: Potion            ||     3
  Eat: Chunk             ||     1
Armor: Leather armour    ||    16
Dodge: Dodged            ||    42
